 Dungeon Crawl Stone Soup version 0.17-a0-2098-gf59d6bc (webtiles) character file.

86 septik the Skirmisher (level 4, 0/42 HPs)
             Began as a Minotaur Berserker on Oct 17, 2015.
             Was a Believer of Trog.
             Slain by a gnoll (6 damage)
             ... on level 2 of the Dungeon.
             The game lasted 00:04:11 (844 turns).

septik the Skirmisher (Minotaur Berserker)           Turns: 844, Time: 00:04:13

Health: 0/42       AC:  3    Str: 21    XL:     4   Next: 26%
Magic:  3/3        EV: 12    Int:  4    God:    Trog [**....]
Gold:   60         SH:  0    Dex: 11    Spells: 0 memorised, 3 levels left

rFire  . . .     SeeInvis .     p - +2 dagger (speed)
rCold  . . .     Clarity  .     b - +0 animal skin
rNeg   . . .     SustAt   .     (no shield)
rPois  .         Gourm    .     (helmet restricted)
rElec  .         Spirit   .     (no cloak)
rCorr  .         Warding  .     f - +0 pair of gloves (curse)
rMut   .         Stasis   .     (no boots)
MR     .....                    (no amulet)
Stlth  +.........               (no ring)
                                (no ring)

@: lethally poisoned (0 -> -3), exhausted, slowed, very slow, not resistant to
hostile enchantments, very unstealthy
A: retaliatory headbutt, horns 2
a: Burn Spellbooks, Berserk, Trog's Hand, Renounce Religion


You were on level 2 of the Dungeon.
You worshipped Trog.
Trog was pleased with you.
You were hungry.

You visited 1 branch of the dungeon, and saw 2 of its levels.

You collected 60 gold pieces.

Inventory:

Hand Weapons
 a - a +0 hand axe
 i - a +0 hunting sling
 k - a -3 dagger
 p - a +2 dagger of speed (weapon)
Missiles
 t - a throwing net (quivered)
Armour
 b - a +0 animal skin (worn)
 f - a cursed +0 pair of gloves (worn)
Jewellery
 j - an uncursed ring of protection from magic {unknown}
Scrolls
 d - a scroll of blinking {unknown}
 g - a scroll of recharging {unknown}
 l - a scroll of identify {unknown}
 r - a scroll of random uselessness {unknown}
 s - a scroll of magic mapping {unknown}
 u - a scroll of enchant weapon {unknown}
 w - a scroll of amnesia {unknown}
Potions
 e - a potion of curing {unknown}
 n - a potion of magic {unknown}
 o - a potion of degeneration {unknown}
 q - a potion of cure mutation {unknown}
 v - a potion of mutation {unknown}
Comestibles
 c - 3 bread rations
 h - 3 fruits
 m - 3 chunks of flesh


   Skills:
 * Level 5.0 Fighting
 + Level 4.2 Axes
 + Level 3.0 Armour
 + Level 2.9 Dodging


You had 3 spell levels left.
You didn't know any spells.

Dungeon Overview and Level Annotations

Branches:
Dungeon (2/15)

Altars:
Ashenzari


Innate Abilities, Weirdness & Mutations

You reflexively headbutt those who attack you in melee.
You have a pair of horns on your head.


Message History

* * * LOW HITPOINT WARNING * * *
You puncture the gnoll!
You kill the gnoll!
Trog accepts your kill.
Your Fighting skill increases to level 5!
You puncture the kobold!
You kill the kobold!
Trog accepts your kill.
The kobold throws a stone.
The stone misses you. The ooze barely misses you. The gnoll closely misses you.
You see here an adder corpse.
You barely miss the gnoll. The kobold completely misses you.
The ooze closely misses you.
You barely miss the gnoll. Your headbutt misses the gnoll.
You are no longer berserk.
You are exhausted.
You feel yourself slow down.
You are feeling hungry.
The gnoll hits you.
You die...

##.#.......####.# ###
#.....#...#_+.(. .?
####......####?##.#
...............#....#
..#######......#...#
###.....#...#
........#.).##
..........(J..###
########..@)....#
#..gK......
#..........
##.........
#.......## #......##
##...... .......#


You could see a gnoll, an ooze and a kobold.

Vanquished Creatures
  3 gnolls (D:2)
  3 adders (D:2)
  A worm (D:2)
  A giant gecko (D:1)
  4 bats
  4 hobgoblins (D:1)
  4 jackals (D:1)
  3 kobolds
  2 giant newts (D:1)
  5 rats
30 creatures vanquished.

Notes
Turn   | Place    | Note
--------------------------------------------------------------
     0 | D:1      | septik the Minotaur Berserker began the quest for the Orb.
     0 | D:1      | Reached XP level 1. HP: 19/19 MP: 0/0
   175 | D:1      | Reached skill level 4 in Fighting
   177 | D:1      | Reached XP level 2. HP: 25/27 MP: 1/1
   750 | D:2      | Reached XP level 3. HP: 32/34 MP: 2/2
   800 | D:2      | Found a shattered altar of Ashenzari.
   833 | D:2      | Reached ** piety under Trog
   839 | D:2      | Reached XP level 4. HP: 12/41 MP: 3/3
   840 | D:2      | Reached skill level 5 in Fighting
   844 | D:2      | Slain by a gnoll

Vault maps used:
D:1:      elethiomel_arrival_shortcut, minmay_fountain_box, kennysheep_boxes
D:2:      ashenzari_conservatory_becter, old_standard_altar, uniq_natasha

Action                   |  1- 3 |  4- 6 || total
-------------------------+-------+-------++-------
Melee: Dagger            |    62 |     4 ||    66
       Hand axe          |     3 |       ||     3
Invok: Berserk           |     2 |       ||     2
  Use: Scroll            |     2 |       ||     2
 Stab: Sleeping          |     1 |       ||     1
  Eat: Chunk             |     1 |       ||     1
